 Dungeon Crawl Stone Soup version 0.28.0 (webtiles) character file.

Game seed: 9050804395785228791

4 krispywithak the Sneak (level 1, 0/10 HPs)
             Began as a Kobold Enchanter on Feb 4, 2022.
             Slain by a jackal (2 damage)
             ... on level 1 of the Dungeon.
             The game lasted 00:01:14 (737 turns).

krispywithak the Sneak (Kobold Enchanter)            Turns: 737, Time: 00:01:15

Health: 0/10       AC:  8    Str:  5    XL:     1   Next: 77%
Magic:  3/3        EV:  2    Int: 16    God:
Gold:   30         SH:  0    Dex: 15    Spells: 4/4 levels left

rFire   . . .      SeeInvis .   a - +1 dagger
rCold   . . .      Faith    .   (no shield)
rNeg    . . .      Spirit   .   e - +0 chain mail
rPois   .          Reflect  .   (no helmet)
rElec   .          Harm     .   (no cloak)
rCorr   .          Rampage  .   (no gloves)
Will    .....                   (no boots)
Stlth   +.........              (no amulet)
HPRegen 0.03/turn               (no ring)
MPRegen 0.08/turn               (no ring)

@: no status effects
A: small, no large weapons, nightstalker 3
a: no special abilities


You were on level 1 of the Dungeon.
You visited 1 branch of the dungeon, and saw 1 of its levels.

You collected 30 gold pieces.

Inventory:

Hand Weapons
 a - a +1 dagger (weapon)
Missiles
 d - 2 boomerangs (quivered)
Armour
 b - a +0 robe
 e - a +0 chain mail (worn)
Scrolls
 f - a scroll of fear {unknown}
Potions
 c - a potion of invisibility


   Skills:
 + Level 1.3 Short Blades
 + Level 2.4 Dodging
 + Level 4.1 Stealth
 + Level 2.3 Spellcasting
 + Level 3.1 Hexes


You had 4 spell levels left.
You didn't know any spells.
Your spell library contained the following spells:

 Spells                   Type           Power      Damage    Failure   Level
 Ensorcelled Hibernation  Hex/Ice        12%        N/A       100%        2
 Confusing Touch          Hex            11%        N/A       100%        3
 Dazzling Flash           Conj/Hex       12%        N/A       100%        3
 Tukima's Dance           Hex            11%        N/A       100%        3


Dungeon Overview and Level Annotations

Branches:
Dungeon (1/15)

Altars:


Innate Abilities, Weirdness & Mutations

You are small and have problems with some larger weapons.
You are completely attuned to the shadows.


Message History

The jackal bites you but does no damage. x3
You hit the jackal.
The jackal is severely wounded.
The jackal barely misses you.
The jackal bites you but does no damage.
The jackal bites you.
* * * LOW HITPOINT WARNING * * *
You barely miss the jackal.
The jackal is severely wounded.
The jackal bites you but does no damage. x2
Sorry, you're not good enough to have a special ability.
You don't know any spells.
The jackal bites you but does no damage.
The jackal bites you but does no damage.
Found 15 sling bullets.
The jackal bites you but does no damage.
The jackal bites you but does no damage.
The jackal barely misses you.
Throw: 3 boomerangs
Press: ? - help, Q - select action Shift-Dir - straight line, f - jackal
Aim: a jackal (heavily wounded, 50% to hit)
You throw a boomerang.
The boomerang closely misses the jackal.
The boomerang hits the jackal.
The jackal is lightly wounded.
The jackal bites you but does no damage. x2
You closely miss the jackal.
The jackal is heavily wounded.
The jackal bites you.
* * * LOW HITPOINT WARNING * * *
You barely miss the jackal.
The jackal is heavily wounded.
The jackal bites you but does no damage. x2
You barely miss the jackal.
The jackal is heavily wounded.
The jackal bites you but does no damage.
You hit the jackal but do no damage.
The jackal is heavily wounded.
The jackal bites you.
You die...

......######.....
####.##
.................
....>..
......###♣.♣#....
.###### ...(..##
#.# ....
.......♣#♣.♣ ##
.#.........# #.
#....#♣#♣h♣ #.
#....# #h# #<
#....# ♣@♣ ##
.....# #(.# ##.#
.. ..#


You could see 2 jackals.

Vanquished Creatures
  A giant cockroach (D:1)
  3 ball pythons (D:1)
  A frilled lizard (D:1)
5 creatures vanquished.

Notes
Turn   | Place    | Note
-------+----------+-------------------------------------------
     0 | D:1      | krispywithak the Kobold Enchanter began the quest for the
                  | Orb.
     0 | D:1      | Reached XP level 1. HP: 10/10 MP: 3/3
   737 | D:1      | Slain by a jackal

Illustrated notes

Levels and vault maps discovered:
D:1:      evilmike_arrival_hilbert_curve, layout_basic, serial_forest,
          infiniplex_forest_end_1, infiniplex_forest_lined_3_way,
          infiniplex_forest_straight_4, infiniplex_forest_lined_3,
          infiniplex_forest_lined_4_way, infiniplex_forest_clump_medium,
          infiniplex_forest_clump_curved, amcnicky_mini_pool_small

Action                   || total
-------------------------++-------
Melee: Dagger            ||    31
Throw: Boomerang         ||     2
Armor: Chain mail        ||    30
       Robe              ||     2
Dodge: Dodged            ||    13
